 Dungeon Crawl Stone Soup version 0.20.1-1-g8b1a95d (webtiles) character file.

46 Ejeck the Grave Robber (level 3, 0/24 HPs)
             Began as a Mummy Necromancer on July 24, 2017.
             Slain by a goblin
             ... wielding a +0 dagger
             ... led by Robin
              (3 damage)
             ... on level 2 of the Dungeon.
             The game lasted 00:09:56 (925 turns).

Ejeck the Grave Robber (Mummy Necromancer)           Turns: 925, Time: 00:09:57

Health: 0/24       AC:  2    Str: 11    XL:     3   Next: 46%
Magic:  0/7        EV: 12    Int: 15    God:
Gold:   33         SH:  0    Dex: 12    Spells: 3/8 levels left

rFire    x . .     SeeInvis .   d - +0 dagger
rCold    + . .     Gourm    .   (no shield)
rNeg     + + +     Faith    .   a - +0 robe
rPois    ∞         Spirit   .   (no helmet)
rElec    .         Reflect  .   (no cloak)
rCorr    .         Harm     .   (no gloves)
MR       .....                  (no boots)
Stlth    ++........             g - amulet of inaccuracy (curse)
Regen    0.1/turn               (no ring)
MPRegen  0.1/turn               (no ring)

@: no status effects
A: no food or potions, fire vulnerability, cold resistance 1, negative energy
resistance 3, torment resistance, unbreathing
a: no special abilities


You were on level 2 of the Dungeon.
You were not hungry.

You visited 1 branch of the dungeon, and saw 2 of its levels.

You collected 33 gold pieces.

Inventory:

Hand Weapons
 d - a +0 dagger (weapon)
Armour
 a - a +0 robe (worn)
Jewellery
 g - a cursed amulet of inaccuracy (around neck)
Scrolls
 c - a scroll of identify
 e - a scroll of remove curse {unknown}
 f - 4 scrolls of teleportation
Books
 b - a book of Necromancy

   Spells                             Type                      Level
   a - Pain                           Necromancy                   1
   b - Animate Skeleton               Necromancy                   1
   c - Vampiric Draining              Necromancy                   3
   d - Regeneration                   Charms/Necromancy            3
   e - Animate Dead                   Necromancy                   4
   f - Control Undead                 Necromancy                   4


   Skills:
 + Level 0.2 Fighting
 * Level 1.9 Dodging
 * Level 1.9 Stealth
 * Level 3.3 Spellcasting
 + Level 4.6 Necromancy


You had 3 spell levels left.
You knew the following spells:

 Your Spells              Type           Power        Failure   Level  Hunger
a - Pain                  Necr           ###.         3%          1    N/A
b - Animate Skeleton      Necr           N/A          3%          1    N/A
c - Vampiric Draining     Necr           ###.......   9%          3    N/A

Dungeon Overview and Level Annotations

Branches:
Dungeon (2/15)

Altars:

Annotations:
D:2 Robin


Innate Abilities, Weirdness & Mutations

You do not eat or drink.
Your flesh is vulnerable to fire.
You are immune to poison.
Your flesh is cold resistant. (rC+)
You are immune to negative energy. (rN+++)
You are immune to unholy pain and torment.
You can survive without breathing.


Message History

* * * LOW HITPOINT WARNING * * *
The goblin misses you. The goblin barely misses you.
The goblin completely misses you. The goblin closely misses you. x2
A goblin comes into view.
Casting: Pain
Confirm with . or Enter, or press ? or * to list all spells.
Aiming: Pain
Press: ? - help, Shift-Dir - straight line, f - goblin
Aim: a goblin, wielding a club (chance to defeat MR: 87%)
The goblin writhes in agony!
You kill the goblin!
The goblin shouts!
The goblin hits you but does no damage. The goblin hits you with a dagger.
* * * LOW HITPOINT WARNING * * *
You see here a club.
Robin roars a battlecry!
The goblins go into a battle-frenzy!
You hear a shout!
The goblin hits you with a dagger.
You die...

#########
#..@....#
#.gg....#
#.......#
#.g.g...#
#.......#
#..g....#
#.......#
#.....)(#
#......<#


You could see Robin and 4 goblins.

Vanquished Creatures
  2 adders
  A worm (D:2)
  A leopard gecko (D:1)
  A giant cockroach (D:1)
  3 goblins
  2 hobgoblins (D:1)
  A bat (D:1)
  A frilled lizard (D:1)
  2 kobolds (D:1)
14 creatures vanquished.

Vanquished Creatures (collateral kills)
  3 bats (D:1)
  A giant cockroach (D:1)
  6 goblins
  A kobold (D:1)
  3 frilled lizards (D:1)
  2 rats (D:1)
16 creatures vanquished.

Grand Total: 30 creatures vanquished

Notes
Turn   | Place    | Note
-------+----------+-------------------------------------------
     0 | D:1      | Ejeck the Mummy Necromancer began the quest for the Orb.
     0 | D:1      | Reached XP level 1. HP: 13/13 MP: 4/4
     6 | D:1      | Learned a level 1 spell: Animate Skeleton
   277 | D:1      | Reached XP level 2. HP: 11/19 MP: 1/5
   407 | D:1      | Learned a level 1 spell: Animate Skeleton
   694 | D:1      | Reached XP level 3. HP: 24/24 MP: 5/7
   711 | D:1      | Learned a level 3 spell: Vampiric Draining
   882 | D:2      | Noticed Robin
   925 | D:2      | Slain by a goblin

Skill      XL: |  1  2 |
---------------+-------+-----
Spellcasting   | 3 |  3.3
Fighting       | |  0.2
Dodging        | |  1.9
Stealth        | |  1.9
Necromancy     | |  4.6

Action                   || total
-------------------------++-------
Melee: Unarmed           ||     3
       Dagger            ||     7
 Cast: Pain              ||    30
       Animate Skeleton  ||     9
       Vampiric Draining ||     1
  Use: Scroll            ||     3
Armor: Robe              ||    13
Dodge: Dodged            ||    43
